[Event "Early-Titled-Tuesday-Blitz-April-02-2024"]
[Site "Chess.com"]
[Date "2024.04.02"]
[Round "3"]
[White "GGuseinov"]
[Black "karinachess1"]
[Result "0-1"]
[WhiteElo "2900"]
[BlackElo "2614"]
[TimeControl "180+1"]
[EndTime "8:28:19 PDT"]
[Termination "karinachess1 won on time"]

1. e4 e5 2. Nf3 Nc6 3. d4 exd4 4. Bc4 Nf6 5. e5 d5 6. Bb5 Ne4 7. Nxd4 Bd7 8. Bxc6 bxc6 9. O-O Bc5 10. f3 Ng5 11. f4 Ne4 12. Be3 O-O 13. Nd2 f6 14. Nxe4 dxe4 15.
Qe2 Bg4 16. Qd2 fxe5 17. fxe5 Qd5 18. h3 Bd7 19. c3 Qxe5 20. Bf4 Qe7 21. Qe3 Bd6 22.
Rae1 Rae8 23. Nb3 c5 24. Nd2 Bb5 25. Rf2 Bd3 26. Nf1 c4 27. Bxd6 cxd6 28. Ng3 Rxf2 29.
Kxf2 Qe5 30. Kg1 a5 31. Ne2 Rb8 32. Qc1 Qb5 33. Nd4 Qxb2 34. Qg5 Qb7 35. Nf5 Qd7 36. Re3 Rf8 37. Ne7+ Kh8 38. Rg3 Rf7 39. Nd5 h6 40.
Qe3 Kh7 41. Kh2 Qf5 42. Nb6 Qe5 43. Na4 h5 0-1

[Event "Early-Titled-Tuesday-Blitz-April-02-2024"]
[Site "Chess.com"]
[Date "2024.04.02"]
[Round "3"]
[White "jamengrand"]
[Black "AlphaGoosee"]
[Result "0-1"]
[WhiteElo "2294"]
[BlackElo "2523"]
[TimeControl "180+1"]
[EndTime "8:28:19 PDT"]
[Termination "AlphaGoosee won on time"]

1. e4 c5 2. Nf3 d6 3. d4 cxd4 4. Nxd4 Nf6 5. Nc3 a6 6. Bd3 e5 7.
Nde2 Be7 8. O-O O-O 9. Ng3 Nc6 10.
Nd5 Nxd5 11. exd5 Nb8 12. Bf5 Nd7 13. f4 g6 14. Bxd7 Bxd7 15. f5 Bg5 16. Bxg5 Qxg5 17.
Ne4 Qh4 18. Nxd6 gxf5 19. Nxf5 Qg5 20. Qd3 Kh8 21. Qe4 f6 22. Rf2 Rac8 23. Raf1 b5 24. c3 Rc4 25. Qe3 Qg6 26. d6 Rg4 27. h3 Rg5 28.
Ne7 Qg7 29. Kh2 f5 30. Qa7 Be6 31. Qxa6 f4 32. Qc6 Rh5 33. Rf3 Bg4 34. Nd5 Bxf3 35. Rxf3 Rg5 36. Rf2 f3 37. g4 h5 38.
Qc7 Qg6 39. Qe7 Rf7 40. Qe8+ Kg7 41. Ne7 Qf6 42. Qg8+ Kh6 43. Nf5+ Qxf5 44. Qh8+ Qh7 45. Qxh7+ Kxh7 0-1

[Event "Early-Titled-Tuesday-Blitz-April-02-2024"]
[Site "Chess.com"]
[Date "2024.04.02"]
[Round "3"]
[White "Evandro_Barbosa"]
[Black "GOGIEFF"]
[Result "0-1"]
[WhiteElo "2737"]
[BlackElo "3013"]
[TimeControl "180+1"]
[EndTime "8:28:20 PDT"]
[Termination "GOGIEFF won on time"]

1. e4 c5 2. Nf3 d6 3. Bb5+ Nd7 4. d4 cxd4 5. Qxd4 a6 6. Bxd7+ Bxd7 7. O-O Rc8 8. c4 e5 9. Qd3 b5 10. Na3 Qb6 11.
b3 Nf6 12. Bg5 Be7 13. Bxf6 Bxf6 14. Rfd1 Ke7 15. cxb5 axb5 16. Nc2 Be6 17. Nb4 Rc5 18. Nd2 Rhc8 19. Nf1 Rc3 20. Nd5+ Bxd5 21. Qxd5 Bg5 22. Rd3 R8c5 23. Rxc3 Rxd5 24. exd5 Qd4 25. Rc7+ Kf6 26.
Re1 Qxd5 27. Ne3 Bxe3 28. fxe3 Ke6 29. e4 Qd4+ 30. Kh1 Qf2 31. Rd1 Qe2 32. Rcc1 Qxe4 33. Re1 Qa8 34. a4 bxa4 35. Ra1 a3 36. Reb1 h5 37.
b4 h4 38. h3 g5 39. b5 g4 40. b6 Qb7 41. Rxa3 f5 42. Kg1 Kf6 43. Ra7 Qe4 44. Raa1 gxh3 45. gxh3 Qe3+ 46. Kf1 Qxh3+ 47. Kg1 Qg3+ 48.
Kf1 h3 49. Ra2 h2 50. Rxh2 Qxh2 0-1

[Event "Early-Titled-Tuesday-Blitz-April-02-2024"]
[Site "Chess.com"]
[Date "2024.04.02"]
[Round "3"]
[White "MusicCityMaster"]
[Black "arenal72"]
[Result "1-0"]
[WhiteElo "2434"]
[BlackElo "2599"]
[TimeControl "180+1"]
[EndTime "8:28:20 PDT"]
[Termination "MusicCityMaster won on time"]

1. e4 Nc6 2. d4 d5 3. e5 Bf5 4. c3 Qd7 5. Nd2 f6 6. f4 g5 7. Nb3 e6 8. Bd3 Bxd3 9. Qxd3 gxf4 10. exf6 Nxf6 11. Bxf4 Rg8 12. Ne2 O-O-O 13. Ng3 h5 14.
h4 Bd6 15. Rf1 Bxf4 16. Rxf4 Qd6 17. Qf3 Rg4 18. Rxg4 hxg4 19. Qxf6 Qxg3+ 20. Qf2 Qd3 21. Nc5 Qb5 22. O-O-O Kb8 23. Nxe6 Rc8 24. h5 Qa6 25. Kb1 Nb4 26. cxb4 Qxe6 27. Qf4 Rg8 28. Rh1 Qe2 29. Qf7 Rd8 30. Rc1 c6 31. Qf4+ Ka8 32. h6 Qxg2 33.
Re1 Qh3 34. Qc7 Rb8 35. Qg7 g3 36. h7 g2 37. a3 Qh2 38. Ka2 a6 39. a4 Ka7 40. a5 Qd6 41. Ka3 Rd8 42. Qxg2 Qh6 43.
Rh1 Qe3+ 44. Ka2 Qxd4 45. Qg5 Qc4+ 46. b3 Qc2+ 47. Ka3 Re8 48. Qg7 Qd2 49. h8=Q 1-0

[Event "Early-Titled-Tuesday-Blitz-April-02-2024"]
[Site "Chess.com"]
[Date "2024.04.02"]
[Round "3"]
[White "Orest_Vovk"]
[Black "cakeuvdort"]
[Result "1-0"]
[WhiteElo "2582"]
[BlackElo "2295"]
[TimeControl "180+1"]
[EndTime "8:28:20 PDT"]
[Termination "Orest_Vovk won on time"]

1. h4 e5 2. h5 d5 3. h6 Nxh6 4. d4 exd4 5. Bxh6 gxh6 6. Qxd4 Rg8 7. Nc3 Bg7 8. Qf4 c6 9. O-O-O Bxc3 10. bxc3 Qg5 11. Qxg5 hxg5 12. Rxh7 Be6 13. Nf3 Nd7 14. e3 O-O-O 15. Nd4 Rh8 16. Rg7 Rdg8 17. Rxg8+ Rxg8 18. c4 Ne5 19. Nxe6 fxe6 20. cxd5 exd5 21. Bd3 Rf8 22. f3 Kc7 23. Rh1 c5 24. Rh7+ Kb6 25. Kd2 c4 26. Be2 Rf7 27. Rh5 Rf5 28. f4 Nf7 29. g4 Rf6 30. f5 Kc5 31. c3 b5 32. Rh7 Nd6 33.
Bf3 a5 34. Rc7+ Kb6 35. Rg7 Kc5 36. Rg6 Rxg6 37. fxg6 Ne8 38. e4 Nf6 39. exd5 b4 40. cxb4+ axb4 41. g7 Kd4 42. d6 Ke5 43. d7 c3+ 44.
Kc2 1-0

[Event "Early-Titled-Tuesday-Blitz-April-02-2024"]
[Site "Chess.com"]
[Date "2024.04.02"]
[Round "3"]
[White "pfalcon1949"]
[Black "Bob_2004"]
[Result "0-1"]
[WhiteElo "1945"]
[BlackElo "2352"]
[TimeControl "180+1"]
[EndTime "8:28:21 PDT"]
[Termination "Bob_2004 won by resignation"]

1. e4 c5 2. Nf3 g6 3. d4 cxd4 4. Nxd4 Nc6 5. c4 Nf6 6. Nc3 Nxd4 7. Qxd4 d6 8. Be3 Bg7 9. Qd2 O-O 10. Be2 a5 11. O-O a4 12. f3 Be6 13. b3 axb3 14.
axb3 Nd7 15. Rxa8 Qxa8 16. Bh6 Qa5 17. Bxg7 Kxg7 18. Rd1 Ra8 19. Nd5 Bxd5 20. exd5 Qxd2 21. Rxd2 Ra3 22. Bd1 Ra1 23. Kf2 Kf6 24. Be2 Rb1 25. Bd1 Nc5 26. g3 Nxb3 27. Bxb3 Rxb3 28. Rc2 b6 29. h4 h5 30. g4 hxg4 31. fxg4 Rh3 32.
g5+ Kf5 33. Kg2 Rxh4 34. Rf2+ Kxg5 35. Rxf7 Rxc4 36. Rxe7 Rc5 37. Rb7 b5 38. Kf3 Rxd5 39. Rb6 Kf5 40. Kg3 g5 41. Kf3 g4+ 42. Kg3 Kg5 43.
Kf2 Kf4 44. Rb8 g3+ 45. Kg2 Rd2+ 46. Kf1 Rb2 47. Rf8+ Ke4 48. Re8+ Kd4 49. Rg8 g2+ 50. Kg1 d5 51. Rg4+ Kd3 52. Rg5 Kc4 53. Rg8 b4 54.
Rc8+ Kd3 55. Rd8 d4 56. Rg8 b3 57. Rg3+ Kc4 58. Rg4 Rc2 59. Rg8 b2 60. Rc8+ Kd3 61. Rb8 Rc1+ 62. Kxg2 b1=Q 63. Rxb1 Rxb1 64. Kf3 Re1 65. Kf4 Kc2 66. Kf5 d3 67. Kf6 d2 68.
Kg5 d1=Q 69. Kg6 Re2 70. Kh7 Qf1 71. Kg7 0-1

[Event "Early-Titled-Tuesday-Blitz-April-02-2024"]
[Site "Chess.com"]
[Date "2024.04.02"]
[Round "3"]
[White "AlexeiShirov"]
[Black "Quattroporte300"]
[Result "1-0"]
[WhiteElo "2813"]
[BlackElo "2511"]
[TimeControl "180+1"]
[EndTime "8:28:23 PDT"]
[Termination "AlexeiShirov won on time"]

1. e4 c5 2. Nf3 e6 3. d4 cxd4 4. Nxd4 Nc6 5. Nc3 Qc7 6. Be3 a6 7. Qf3 Nf6 8. O-O-O Ne5 9. Qg3 b5 10. f4 Neg4 11. Bg1 b4 12. Nd5 exd5 13. e5 Ne4 14. Qxg4 d6 15. e6 Nf6 16. Qe2 Be7 17. g4 O-O 18. Bg2 Ne4 19. Bxe4 dxe4 20. exf7+ Rxf7 21. Be3 d5 22. f5 Bd7 23. Kb1 a5 24. Rhf1 Raf8 25. Bf4 Qb6 26. Be3 Bc5 27. Rfe1 a4 28. Ne6 Bxe6 29. fxe6 Rf3 30. e7 Re8 31. Bxc5 Qxc5 32.
Qd2 Rxe7 33. Qxd5+ Qxd5 34. Rxd5 Rf2 35. Rd4 e3 36.
Rxb4 e2 37. Kc1 Rxh2 38. Rd4 Rg2 39. Kd2 g6 40. Rxa4 h5 41. gxh5 gxh5 42. Rd4 Kg7 43. c4 Kg6 44. c5 Kg5 45. b4 h4 46.
c6 h3 47. Rd8 Kf4 48. b5 h2 49. Rh8 1-0

[Event "Early-Titled-Tuesday-Blitz-April-02-2024"]
[Site "Chess.com"]
[Date "2024.04.02"]
[Round "3"]
[White "GrotBchess"]
[Black "djokovic74"]
[Result "0-1"]
[WhiteElo "2452"]
[BlackElo "2754"]
[TimeControl "180+1"]
[EndTime "8:28:23 PDT"]
[Termination "djokovic74 won by checkmate"]

1. e4 e6 2. d4 d5 3. Nc3 Nf6 4.
e5 Nfd7 5. f4 c5 6. Nf3 Nc6 7. Be3 cxd4 8. Nxd4 Bc5 9. Qd2 O-O 10.
O-O-O Bxd4 11. Bxd4 a6 12. h4 b5 13. h5 b4 14. Ne2 Qa5 15. Kb1 Nc5 16. Nc1 Ne4 17. Qe3 Rb8 18. Bd3 Nxd4 19. Qxd4 Bb7 20. Nb3 Qc7 21.
g4 a5 22. Bxe4 dxe4 23. Qd6 Qxd6 24. exd6 Bd5 25. Nxa5 Rfd8 26. Rhe1 Rxd6 27. Nb3 Ra6 28. Rd4 h6 29. Re3 Kh7 30. Nc1 Rc6 31. Ne2 Ra6 32. Nc1 Rc6 33. Ne2 Rbc8 34. c3 Ra6 35. Rxb4 Bxa2+ 36. Kc2 Bd5 37. Ng3 Ra1 38. Nxe4 Rg1 39. Ng3 Rg2+ 40. Kc1 Ra8 41. Kb1 Ba2+ 42. Kc1 Bb3 43. Ne2 Ra1+ 44. Kd2 Rd1# 0-1

[Event "Early-Titled-Tuesday-Blitz-April-02-2024"]
[Site "Chess.com"]
[Date "2024.04.02"]
[Round "3"]
[White "whiteglovethief"]
[Black "Aygehovit1992"]
[Result "1-0"]
[WhiteElo "2554"]
[BlackElo "2838"]
[TimeControl "180+1"]
[EndTime "8:28:23 PDT"]
[Termination "whiteglovethief won by resignation"]

1. d4 Nf6 2. c4 g6 3. Nc3 Bg7 4. e4 d6 5. Nf3 O-O 6. Be2 Na6 7. O-O e5 8. Be3 Qe7 9. Nd5 Qe8 10. dxe5 dxe5 11.
Nxf6+ Bxf6 12. c5 Nb4 13. a3 Nc6 14. b4 Bg4 15. Bb5 Rd8 16. Qa4 Bxf3 17. Bxc6 bxc6 18.
gxf3 Qe6 19. Rfd1 Qh3 20. Qxc6 Rxd1+ 21. Rxd1 Qxf3 22. Rd7 h5 23. Bh6 Bh4 24. Rd2 Bg5 25.
Bxg5 Qg4+ 26. Kf1 Qxg5 27. Rd3 Qf4 28. Ke2 Kg7 29. Rf3 Qh4 30. Qd5 f6 31. h3 Rf7 32.
c6 Qg5 33. Rd3 Qg2 34. Qc4 f5 35. Rd7 Qxe4+ 36. Qxe4 fxe4 37. Ke3 g5 38. Kxe4 Kg6 39. Rxf7 Kxf7 40. Kxe5 Kg6 41. b5 Kf7 42. Kf5 g4 43. hxg4 hxg4 44. Kxg4 Ke6 45. f4 Kd5 46. f5 a6 47. bxa6 Kxc6 48. a7 Kb7 49. f6 1-0

[Event "Early-Titled-Tuesday-Blitz-April-02-2024"]
[Site "Chess.com"]
[Date "2024.04.02"]
[Round "3"]
[White "Oleksandr_Bortnyk"]
[Black "HeroWilczek"]
[Result "1-0"]
[WhiteElo "3041"]
[BlackElo "2549"]
[TimeControl "180+1"]
[EndTime "8:28:24 PDT"]
[Termination "Oleksandr_Bortnyk won by checkmate"]

1. e4 e6 2. Nf3 d5 3. e5 c5 4. d4 Nc6 5. Bd3 cxd4 6. O-O Nge7 7. Bf4 Ng6 8. Bg3 Be7 9. Re1 a6 10. Nbd2 b5 11. Nb3 Qb6 12. h4 a5 13. Nbxd4 Nxd4 14. Nxd4 Bd7 15. Nf3 b4 16. h5 Nf8 17. a4 h6 18. c3 Rc8 19. Nd4 Bc5 20. Qg4 Rg8 21.
Nb5 g6 22. Rac1 g5 23. cxb4 Bxb4 24. Rxc8+ Bxc8 25. Rc1 Bd7 26. Kh2 f5 27. exf6 Kf7 28. Be5 Bxb5 29. axb5 Bd6 30. Qg3 Bxe5 31. Qxe5 Nd7 32.
Bg6+ Rxg6 33. hxg6+ Kxg6 34. Qc7 Qxf2 35. Qg3 Qxf6 36.
Rc7 Ne5 37. b6 h5 38. b7 Ng4+ 39. Qxg4 hxg4 40. b8=Q Qf4+ 41. Kg1 Qe3+ 42. Kf1 Qd3+ 43. Ke1 Qb1+ 44. Kd2 Qg1 45. Qg8+ Kf5 46. Rf7+ Ke5 47. Qxg5+ Kd6 48. Qxg4 Qb1 49. Qg3+ Kc5 50. Qc3+ Kb5 51. Rb7+ Ka6 52. Qc6# 1-0

[Event "Early-Titled-Tuesday-Blitz-April-02-2024"]
[Site "Chess.com"]
[Date "2024.04.02"]
[Round "3"]
[White "Bykov_Egor"]
[Black "JosefineHeinemann"]
[Result "1/2-1/2"]
[WhiteElo "2655"]
[BlackElo "2502"]
[TimeControl "180+1"]
[EndTime "8:28:24 PDT"]
[Termination "Game drawn by repetition"]

1. e4 e5 2. Nf3 Nc6 3. Bc4 Bc5 4. c3 Nf6 5. d4 exd4 6. e5 d5 7. Bb5 Ne4 8. cxd4 Bb6 9. Nc3 O-O 10. Be3 Bg4 11. h3 Bh5 12. Qc2 f6 13. Bxc6 bxc6 14. Nxe4 dxe4 15. Qxe4 Bxf3 16. gxf3 fxe5 17. dxe5 Bxe3 18.
fxe3 Rb8 19. b3 Rb5 20. e6 Qf6 21. O-O Re5 22. Qc4 Rxe6 23. Rad1 Kh8 24. Qd4 Qg5+ 25. Kh1 Qxe3 26. Qg4 Rg6 27. Qe4 Qxe4 28. fxe4 Rxf1+ 29. Rxf1 Kg8 30. Rf5 Re6 31. Ra5 Rxe4 32. Rxa7 Re2 33.
Rxc7 Rxa2 34. Rxc6 Rb2 35. Rb6 g5 36. Rb7 h5 37.
Rb4 Kf7 38. Rb6 Kg7 39. Kg1 g4 40. hxg4 hxg4 41. Rb4 Kf6 42. Rf4+ Kg5 43. Rf2 Rxb3 44. Kg2 Kh4 45. Ra2 Rc3 46. Rb2 Rd3 47. Ra2 Rc3 48. Rb2 Rd3 49. Ra2 Rc3 1/2-1/2

[Event "Early-Titled-Tuesday-Blitz-April-02-2024"]
[Site "Chess.com"]
[Date "2024.04.02"]
[Round "3"]
[White "Orphanator2009"]
[Black "javierfreilemartin"]
[Result "1-0"]
[WhiteElo "2534"]
[BlackElo "2305"]
[TimeControl "180+1"]
[EndTime "8:28:24 PDT"]
[Termination "Orphanator2009 won by resignation"]

1. e4 c5 2. Nf3 d6 3. d4 cxd4 4. Nxd4 Nf6 5. Nc3 a6 6. f3 e6 7. Be3 h5 8. Qd2 Bd7 9. O-O-O Nc6 10. Bc4 Rc8 11. Bb3 b5 12. Nxc6 Rxc6 13. Rhe1 Qc7 14. Nd5 Qb7 15. Bg5 Nh7 16. Bf4 Rc5 17. Ne3 Rc6 18. Nd5 Rc5 19. Nc3 Rc6 20. Bd5 e5 21.
Be3 Nf6 22. Bxc6 Bxc6 23. Bg5 b4 24. Nd5 Nxd5 25. exd5 Bd7 26. f4 f6 27. Bh4 Bg4 28.
fxe5 dxe5 29. d6 Bxd1 30. Rxd1 Kd7 31. Qd3 Qb5 32. Qf5+ Kd8 33. Bxf6+ gxf6 34. Qxf6+ Kd7 35. Qxh8 Bxd6 36. Qf6 Qc5 37. Rxd6+ Qxd6 38. Qxd6+ Kxd6 39. Kd2 Kd5 40. Ke3 a5 41. g3 a4 42. b3 a3 43. h3 Kd6 44. Ke4 Ke6 45. g4 h4 46. g5 Kd6 47. g6 Ke6 48. g7 Kf7 49. Kxe5 Kxg7 50. Kd4 Kf6 51. Kc4 Kf5 52. Kxb4 Kf4 53. c4 Kg3 54. c5 Kxh3 55. c6 Kg2 56.
c7 h3 57. c8=Q h2 58. Qc6+ Kg1 59. Qf3 h1=Q 60. Qxh1+ Kf2 61. Kxa3 Ke2 62. b4 Kd3 63. Qc1 1-0

[Event "Early-Titled-Tuesday-Blitz-April-02-2024"]
[Site "Chess.com"]
[Date "2024.04.02"]
[Round "3"]
[White "Goffredo_Fofi"]
[Black "Sina_Movahed"]
[Result "1-0"]
[WhiteElo "2563"]
[BlackElo "2956"]
[TimeControl "180+1"]
[EndTime "8:28:25 PDT"]
[Termination "Goffredo_Fofi won by resignation"]

1. e4 c5 2. d3 e6 3. g3 d5 4.
Nd2 h5 5. Ngf3 Be7 6. h4 Nf6 7. Bg2 dxe4 8. dxe4 Nc6 9. O-O Qc7 10. Re1 e5 11. c3 O-O 12. Nc4 Ng4 13. a4 Be6 14. Qe2 Rad8 15. Nh2 Rd7 16. Nxg4 Bxg4 17. Bf3 Bxf3 18.
Qxf3 g6 19. Ne3 Qd6 20. Nd5 Qe6 21. Be3 f5 22. Nxe7+ Qxe7 23. exf5 e4 24. Qf4 Rxf5 25. Qh6 Ne5 26. Red1 Rd3 27. Bf4 Qf8 28. Qxf8+ Kxf8 29. Bxe5 Rxe5 30. Kf1 c4 31. Ke2 a5 32. Rab1 Red5 33.
Rxd3 exd3+ 34. Kd2 Re5 35. Re1 Rxe1 36. Kxe1 Ke7 37.
Kd2 Kd6 38. b3 cxb3 39. Kxd3 b5 40. axb5 a4 41. c4 a3 42. Kc3 a2 43. Kb2 Kc5 44.
f3 Kb6 45. g4 Kc5 46. gxh5 gxh5 47. f4 Kxc4 48. b6 Kd3 49. b7 a1=Q+ 50. Kxa1 1-0

[Event "Early-Titled-Tuesday-Blitz-April-02-2024"]
[Site "Chess.com"]
[Date "2024.04.02"]
[Round "3"]
[White "MaestroCheck"]
[Black "Alen_Yeremyann"]
[Result "0-1"]
[WhiteElo "2530"]
[BlackElo "2821"]
[TimeControl "180+1"]
[EndTime "8:28:25 PDT"]
[Termination "Alen_Yeremyann won by resignation"]

1. e4 c5 2. Nc3 Nc6 3. Bb5 e6 4. Bxc6 bxc6 5. f4 d5 6. d3 Nf6 7.
Nf3 c4 8. e5 Nd7 9. dxc4 Ba6 10.
Nd4 Qb6 11. Nce2 c5 12. Nb5 Bxb5 13. cxb5 Qxb5 14. O-O g6 15. c3 h5 16. a4 Qb6 17. c4 d4 18. Ng3 Be7 19. Ne4 a5 20. Ra3 Nb8 21. Rb3 Qc7 22. Rb5 Na6 23. Bd2 O-O 24.
Bxa5 Qc6 25. Qd3 Kg7 26. Rb6 Qd7 27. b3 Rfb8 28. Rxb8 Rxb8 29. h3 Qb7 30. Rb1 Nb4 31. Bxb4 Qxb4 32. Nd2 Ra8 33. Nf3 h4 34. Ne1 Qa3 35.
Qc2 Qb4 36. Nd3 Qb6 37. Qe2 Rxa4 38. Qc2 Ra3 39. Qb2 Qa7 40. Qc1 Ra2 41. Kh2 Qa8 42. Qf1 Qe4 43. Re1 Qb7 44. Rb1 Rd2 45. Rd1 Rc2 46. Rb1 Qa8 47. Rc1 Ra2 48. Rb1 Qc6 49. Kg1 g5 50. fxg5 Bxg5 51. Ra1 Be3+ 52. Kh1 Rd2 53. Ra7 Qe8 54. Nxc5 Rf2 55. Qd1 Qc6 56. Qg4+ Kf8 57. Nd7+ Qxd7 58. Rc7 Rf1+ 59. Kh2 Bg1+ 60. Kh1 Bf2+ 61. Kh2 Bg3+ 62. Qxg3 hxg3+ 63. Kxg3 Qxc7 0-1

[Event "Early-Titled-Tuesday-Blitz-April-02-2024"]
[Site "Chess.com"]
[Date "2024.04.02"]
[Round "3"]
[White "sokidze"]
[Black "Payyappat"]
[Result "1-0"]
[WhiteElo "2786"]
[BlackElo "2524"]
[TimeControl "180+1"]
[EndTime "8:28:25 PDT"]
[Termination "sokidze won by resignation"]

1. d4 Nf6 2. c4 c5 3. d5 e6 4. Nc3 exd5 5. cxd5 d6 6. e4 g6 7.
Nf3 Bg7 8. h3 O-O 9. Be3 Re8 10.
Nd2 Nbd7 11. Be2 a6 12. a4 Qb6 13. Qc2 Qc7 14. O-O h6 15. Nc4 Rb8 16. a5 Ne5 17.
Nb6 g5 18. Nxc8 Qxc8 19. Ra4 g4 20. hxg4 Nexg4 21. Bf4 Nh5 22. Bxd6 Ra8 23. Qd1 Nhf6 24. Rc4 Qd7 25. Bxc5 Rac8 26. b4 h5 27. Qd2 Bh6 28.
f4 Bg7 29. e5 Nh7 30. Bd3 Nf8 31. Ne4 Kh8 32. Ng3 h4 33. Bf5 Qd8 34. Bxg4 hxg3 35. Bxc8 Qxc8 36. Qe3 Qg4 37. Rc3 Ng6 38. Qxg3 Qf5 39.
Qh3+ Qxh3 40. Rxh3+ Kg8 41. d6 Rd8 42. Rd3 Nf8 43.
Bb6 Rd7 44. Re1 Ne6 45. f5 Nf4 46. Rdd1 Kf8 47. e6 fxe6 48. fxe6 1-0

[Event "Early-Titled-Tuesday-Blitz-April-02-2024"]
[Site "Chess.com"]
[Date "2024.04.02"]
[Round "3"]
[White "NastyaHn"]
[Black "Djager97"]
[Result "1-0"]
[WhiteElo "2449"]
[BlackElo "2609"]
[TimeControl "180+1"]
[EndTime "8:28:26 PDT"]
[Termination "NastyaHn won by resignation"]

1. Nc3 e5 2. Nf3 Nc6 3. d4 exd4 4. Nxd4 Bc5 5. Be3 Bb6 6. g3 Nge7 7. Bg2 O-O 8. O-O Nxd4 9. Bxd4 Nc6 10. Bxb6 axb6 11. a3 d6 12. Qd3 Bg4 13. f4 Qd7 14. e4 Rad8 15. Rae1 Bh3 16. Nd5 Bxg2 17. Kxg2 Ne7 18. c4 Nxd5 19. cxd5 f5 20. e5 dxe5 21. Rxe5 c6 22.
Rd1 cxd5 23. Qxd5+ Qxd5+ 24. Rexd5 Rxd5 25. Rxd5 Rc8 26. Rb5 Rc6 27. Kf3 g6 28. h4 Kf7 29. Ke3 Ke6 30.
Re5+ Kd7 31. Rd5+ Kc7 32. Re5 Rc2 33. Re7+ Kc6 34. Rxh7 Rxb2 35. Rg7 Rb3+ 36. Kd4 Rxg3 37. h5 Rg4 38. Rxg6+ Kd7 39. Rxg4 fxg4 40. Ke3 Ke6 41. Kf2 Kf6 42. Kg3 Kf5 43. a4 b5 44. axb5 b6 45. h6 Kg6 46. Kxg4 Kxh6 47. Kf5 Kg7 48. Ke6 Kf8 49. Kf6 1-0

[Event "Early-Titled-Tuesday-Blitz-April-02-2024"]
[Site "Chess.com"]
[Date "2024.04.02"]
[Round "3"]
[White "Zq1"]
[Black "N_I_Chess"]
[Result "1-0"]
[WhiteElo "2607"]
[BlackElo "2376"]
[TimeControl "180+1"]
[EndTime "8:28:26 PDT"]
[Termination "Zq1 won on time"]

1. d4 Nf6 2. c4 e6 3. g3 d5 4. Bg2 Bb4+ 5. Nd2 O-O 6. Nf3 Nc6 7. O-O dxc4 8. Nxc4 Qe7 9. a3 Bd6 10. b4 a6 11. Qc2 e5 12. dxe5 Nxe5 13. Nfxe5 Bxe5 14. Nxe5 Qxe5 15. Bf4 Qe7 16. Rfd1 Re8 17. Bxc7 Be6 18. Bd6 Qd7 19. Be5 Qb5 20. Bxf6 gxf6 21. e3 Rac8 22. Qd3 Qxd3 23. Rxd3 Re7 24. Rad1 Kg7 25. h3 Rc2 26. g4 Rec7 27. Be4 Ra2 28. R1d2 Ra1+ 29. Kg2 b5 30. Bf3 Rcc1 31. Rd1 Rxd1 32. Bxd1 Bc4 33. Rd6 Rxa3 34. Bf3 a5 35. bxa5 Rxa5 36. Rb6 Ra2 37. Be4 Rb2 38. h4 b4 39. Kg3 Be6 40. f4 b3 41. f5 Bc4 42. g5 Bf1 43. Rxf6 Re2 44. Kf3 b2 45. Rb6 Rh2 46. f6+ 1-0

[Event "Early-Titled-Tuesday-Blitz-April-02-2024"]
[Site "Chess.com"]
[Date "2024.04.02"]
[Round "3"]
[White "ragnaroek66"]
[Black "ladytitan"]
[Result "1/2-1/2"]
[WhiteElo "2493"]
[BlackElo "2283"]
[TimeControl "180+1"]
[EndTime "8:28:26 PDT"]
[Termination "Game drawn by repetition"]

1. d4 d5 2. c4 e6 3. Nf3 Nf6 4. g3 Bb4+ 5. Nbd2 O-O 6. Bg2 Nbd7 7. O-O c5 8. cxd5 exd5 9. dxc5 Nxc5 10. a3 Bxd2 11.
Bxd2 Bf5 12. Nd4 Bg6 13. Rc1 Rc8 14. Bf4 Nfe4 15. Be3 Qe7 16. Qe1 f5 17. Qb4 b6 18.
Rfd1 Kh8 19. Nb5 Rfd8 20. Nd4 Qf6 21. Nf3 a5 22. Qe1 h6 23. Bd4 Qf8 24. Ne5 Bh7 25. f3 Nb3 26. Rxc8 Rxc8 27. fxe4 fxe4 28. Qf2 Qe7 29. Qf7 Qg5 30. Qf4 Qe7 31. e3 Rf8 32.
Qg4 Bf5 33. Ng6+ Bxg6 34. Qxg6 Nxd4 35. exd4 Qc7 36. Rf1 Rxf1+ 37. Bxf1 Qc2 38. Qe8+ Kh7 39. Qb5 Qd2 40. Qxd5 Qe3+ 41. Kg2 Qf3+ 42. Kg1 Qe3+ 43. Kg2 Qf3+ 44. Kh3 Qxf1+ 45. Kg4 Qf3+ 46. Kh3 Qf1+ 47. Kh4 g5+ 48. Kg4 Qf3+ 49. Kh3 g4+ 50. Kh4 Qf6+ 51. Kxg4 Qf3+ 52. Kh4 Qf6+ 53. Kh3 Qf1+ 54. Kg4 Qf3+ 55. Kh4 Qf6+ 56. Kg4 Qf3+ 1/2-1/2

[Event "Early-Titled-Tuesday-Blitz-April-02-2024"]
[Site "Chess.com"]
[Date "2024.04.02"]
[Round "3"]
[White "GolfBeforeChess"]
[Black "Schattman"]
[Result "1-0"]
[WhiteElo "2314"]
[BlackElo "2506"]
[TimeControl "180+1"]
[EndTime "8:28:27 PDT"]
[Termination "GolfBeforeChess won on time"]

1. Nf3 Nf6 2. c4 g6 3. g3 Bg7 4. Bg2 c6 5. O-O O-O 6. Nc3 d5 7. cxd5 cxd5 8. d4 Ne4 9. Bf4 Nc6 10. Rc1 Nxc3 11. bxc3 Bf5 12. Nd2 Qd7 13. Qb3 Rfd8 14. e4 dxe4 15. Nxe4 b6 16. Rfe1 Na5 17. Qb4 Rac8 18.
Nd2 Bf6 19. Ne4 Bg7 20. Nd2 Re8 21. Re3 e5 22. Rxe5 Bxe5 23. dxe5 Bh3 24. Ne4 Rc6 25. Nf6+ Rxf6 26. exf6 Bxg2 27. Kxg2 Qc6+ 28. Kg1 Qxf6 29. h4 h5 30. Be3 Qe6 31. Bd4 Nc4 32. Qb5 Nd2 33.
Rd1 Nf3+ 34. Kg2 Qe4 35. Kh3 Re6 36. Qd7 Nxh4 37. Qd8+ Re8 38. Qxh4 Qf3 39. Qf6 Qf5+ 40. Qxf5 gxf5 41. Kg2 Re2 42. Be3 f4 43. gxf4 Rxa2 44.
Rh1 Kh7 45. Rxh5+ Kg6 46. Rd5 b5 47. Rxb5 a5 48. Rb6+ Kf5 49. Kf3 1-0

[Event "Early-Titled-Tuesday-Blitz-April-02-2024"]
[Site "Chess.com"]
[Date "2024.04.02"]
[Round "3"]
[White "Hasangatin_Ramil"]
[Black "LuisFSiles"]
[Result "0-1"]
[WhiteElo "2671"]
[BlackElo "2352"]
[TimeControl "180+1"]
[EndTime "8:28:29 PDT"]
[Termination "LuisFSiles won on time"]

1. e4 c5 2. Nf3 Nc6 3. Bb5 g6 4. O-O Bg7 5. c3 Nf6 6. Qa4 O-O 7. d4 cxd4 8. cxd4 d5 9. e5 Ne4 10. Bxc6 bxc6 11. Qxc6 Bg4 12. Be3 Rb8 13. Nbd2 Nxd2 14. Nxd2 Rb6 15. Qc3 Qb8 16. Nb3 Rc8 17. Qa5 e6 18. Rfc1 Rbc6 19. h3 Bf5 20. Rxc6 Rxc6 21. Rc1 Rxc1+ 22. Bxc1 h6 23. Be3 g5 24. Qc3 Qb5 25. Nd2 Qe2 26. a4 g4 27. hxg4 Qd1+ 28. Kh2 Qxg4 29. Qc1 Qe2 30. Qf1 Qh5+ 31. Kg1 Bf8 32. Qc1 Qe2 33. Nf1 Bd3 34. Ng3 Qg4 35.
Bxh6 Bxh6 36. Qxh6 Qxd4 37. Qg5+ Bg6 38. Nh5 Qd1+ 39.
Kh2 Qxh5+ 40. Qxh5 Bxh5 41. b4 Bd1 42. a5 Be2 43. Kg3 Kg7 44. Kf4 Kg6 45. Ke3 Bb5 46. g4 Kg5 47. f3 a6 48. Kd4 Kf4 49. Kc5 Kxf3 0-1

[Event "Early-Titled-Tuesday-Blitz-April-02-2024"]
[Site "Chess.com"]
[Date "2024.04.02"]
[Round "3"]
[White "Yan_Dyomin2010"]
[Black "JoliyRoger"]
[Result "1-0"]
[WhiteElo "2687"]
[BlackElo "2414"]
[TimeControl "180+1"]
[EndTime "8:28:30 PDT"]
[Termination "Yan_Dyomin2010 won by resignation"]

1. e4 c6 2. d4 d5 3. e5 Bf5 4. Nf3 e6 5. Be2 Nd7 6. O-O a6 7. Nbd2 h6 8. Re1 Ne7 9. Nf1 Bg6 10. Ng3 Nf5 11. Bd3 Ne7 12. Bxg6 Nxg6 13. c3 Nh4 14.
Nxh4 Qxh4 15. f4 g6 16. Be3 c5 17. Rc1 Qd8 18. c4 dxc4 19. d5 exd5 20. Qxd5 Nb6 21. Qxb7 Rb8 22. Qxa6 Qd7 23. Ne4 Be7 24. Red1 Qc7 25.
Qb5+ Kf8 26. Bxc5 Kg7 27. Bxe7 Qxe7 28. f5 gxf5 29. Nd6 Qe6 30. Rf1 Nd7 31. Nxf5+ Kh7 32. Qxc4 Nxe5 33. Qe4 Ng6 34. Qxe6 fxe6 35. Rc7+ Kg8 36.
Rg7+ Kf8 37. Rxg6 exf5 38. Rxf5+ Ke7 39. Rf2 Rb5 40. h3 h5 41. b3 Rd8 42. h4 Rd4 43. g3 Ra5 44. Kg2 Re4 45. Rg5 Rxg5 46. hxg5 Rg4 47. Rf4 Rxg5 48. a4 Kd6 49. b4 Kd5 50. a5 Kc6 51. Rf6+ Kb7 52. Rb6+ Ka7 53. Kh3 Rd5 54. Kh4 Re5 55. Rf6 Re4+ 56. Rf4 Re5 57.
Rf6 Re4+ 58. Kxh5 Rxb4 59. g4 Rb5+ 60. Rf5 Rb1 61. g5 Kb7 62. Kg6 Rh1 63. Kg7 Ka6 64.
g6 Rc1 65. Kg8 Rc8+ 66. Rf8 Rc6 67. g7 Kxa5 68. Rf5+ Kb6 69. Kf7 Rc7+ 70. Kg6 Rc8 71. Rf8 1-0